 Dungeon Crawl Stone Soup version 0.28.0-43-g3370ac3207 (webtiles) character file.

Game seed: 14634040655567316408

59 sking99 the Skirmisher (level 3, -1/29 HPs)
             Began as a Demonspawn Fighter on Mar 24, 2022.
             Slain by Terence
             ... wielding a +0 flail
              (5 damage)
             ... on level 3 of the Dungeon.
             The game lasted 00:02:09 (2211 turns).

sking99 the Skirmisher (Demonspawn Fighter)         Turns: 2211, Time: 00:02:10

Health: -1/29      AC:  7    Str: 18    XL:     3   Next: 78%
Magic:  3/3        EV:  9    Int:  9    God:
Gold:   76         SH:  4    Dex: 12    Spells: 2/2 levels left

rFire   . . .      SeeInvis .   a - +0 flail
rCold   . . .      Faith    .   c - +0 buckler
rNeg    . . .      Spirit   .   b - +0 scale mail
rPois   .          Reflect  .   (no helmet)
rElec   .          Harm     .   (no cloak)
rCorr   .          Rampage  .   l - +0 pair of gloves
Will    .....                   (no boots)
Stlth   ..........              (no amulet)
HPRegen 0.09/turn               (no ring)
MPRegen 0.08/turn               (no ring)

@: no status effects
A: demonic magic 1, demonic touch 1
a: no special abilities


You were on level 3 of the Dungeon.
You visited 1 branch of the dungeon, and saw 3 of its levels.

You collected 76 gold pieces.

Inventory:

Hand Weapons
 a - a +0 flail (weapon)
Armour
 b - a +0 scale mail (worn)
 c - a +0 buckler (worn)
 l - a +0 pair of gloves (worn)
Jewellery
 f - a +6 ring of strength
Scrolls
 i - a scroll of enchant weapon {unknown}
 k - a scroll of summoning {unknown}
 p - a scroll of magic mapping {unknown}
Potions
 d - a potion of might
 e - a potion of berserk rage {unknown}
 g - 3 potions of curing {unknown}
 h - a potion of flight {unknown}
 j - a potion of magic {unknown}
 m - a potion of haste {unknown}
 n - a potion of invisibility {unknown}
 o - a potion of cancellation {unknown}


   Skills:
 + Level 3.4 Fighting
 * Level 2.7 Maces & Flails
 + Level 3.0 Armour
 + Level 3.0 Shields


You had 2 spell levels left.
You didn't know any spells.
Your spell library contained the following spells:

 Spells                   Type           Power      Damage    Failure   Level
 Summon Forest            Summ/Tloc      0%         N/A       100%        5
 Summon Mana Viper        Hex/Summ       0%         N/A       100%        5
 Summon Cactus Giant      Summ           0%         N/A       100%        6


Dungeon Overview and Level Annotations

Branches:
Dungeon (3/15)

Altars:

Annotations:
D:3 Terence


Innate Abilities, Weirdness & Mutations

Spells you cast may paralyse adjacent enemies.
Your touch may inflict minor irresistible damage on your foes.


Message History

Found a stone staircase leading up.
Terence the Incautious comes into view.
He is wielding a +0 flail.
Terence shouts!
Terence is nearby!
You barely miss Terence. You block Terence's attack.
You hit Terence.
Terence is lightly wounded.
Terence hits you with a +0 flail. You block Terence's attack.
You barely miss Terence.
Terence is lightly wounded.
Terence hits you with a +0 flail.
You thump Terence!
Terence is moderately wounded.
Terence barely misses you.
You hit Terence.
Terence is heavily wounded.
Terence shouts, "Now you die!" Terence hits you with a +0 flail!
Terence closely misses you.
You hit Terence.
Terence is heavily wounded.
You block Terence's attack.
You hit Terence.
Terence is severely wounded.
Terence barely misses you.
You hit Terence.
Terence is severely wounded.
Terence hits you with a +0 flail.
* * * LOW HITPOINT WARNING * * *
Terence barely misses you.
You closely miss Terence.
Terence is severely wounded.
Terence hits you with a +0 flail.
* * * LOW HITPOINT WARNING * * *
You hit Terence but do no damage.
Terence is severely wounded.
Terence closely misses you. Terence barely misses you.
You barely miss Terence.
Terence is severely wounded.
Terence hits you with a +0 flail.
You die...

.... ###.###. ...
... .....##.
#....<. ..#..##.
#.#...# #.#..##.
#.#.#.# #.#..##<
#.#.#.# #....#..
#.#.#.# #.##.).#
#@#.#.#####....#..
#@#.#...<...##...#
#......#.#####.#.#
###..............#
################


You could see Terence.

Vanquished Creatures
  2 worms (D:2)
  3 dart slugs
  An orc (D:2)
  4 endoplasms
  A giant cockroach (D:2)
  6 goblins
  5 hobgoblins
  4 jackals (D:1)
  A quokka (D:1)
  3 ball pythons
  2 bats (D:2)
  4 frilled lizards
  2 kobolds
  6 rats
44 creatures vanquished.

Notes
Turn   | Place    | Note
-------+----------+-------------------------------------------
     0 | D:1      | sking99 the Demonspawn Fighter began the quest for the Orb.
     0 | D:1      | Reached XP level 1. HP: 18/18 MP: 1/1
   308 | D:1      | Discovered your monstrous ancestry.
   308 | D:1      | Gained mutation: Your touch may inflict minor irresistible
                  | damage on your foes. [demonic ancestry]
   308 | D:1      | Reached XP level 2. HP: 20/24 MP: 2/2
   665 | D:1      | Found a faded altar of an unknown god.
   803 | D:1      | Gained mutation: Spells you cast may paralyse adjacent
                  | enemies. [demonic ancestry]
   803 | D:1      | Reached XP level 3. HP: 21/29 MP: 3/3
  2199 | D:3      | Noticed Terence
  2211 | D:3      | Slain by Terence

Illustrated notes

Levels and vault maps discovered:
D:1:      heliophobic_arrival_glass_houses, layout_basic,
          shapermc_ecumenical_altar_venn, minmay_box_of_dots
D:2:      layout_basic
D:3:      cheibrodos_fertilizer, layout_loops_ring,
          mainiacjoe_overflow_surrounded_room, marbit_many_paths,
          hangedman_decor_growths, feat_on_display, uniq_terence

Skill      XL: |  1  2  3 |
---------------+----------+-----
Maces & Flails | 2 |  2.7
Armour         | 3 |  3.0
Shields        | 3 |  3.0
Fighting       | |  3.4

Action                   || total
-------------------------++-------
Melee: Flail             ||   153
Armor: Scale mail        ||    51
Dodge: Dodged            ||    57
Block: Buckler           ||    33
